 Dungeon Crawl Stone Soup version 0.30-a0-629-gd54f4be4f7 (webtiles) character file.

Game seed: 12277875985456350718

226 IdlyInterested the Trooper (level 5, -16/42 HPs)
             Began as a Demonspawn Gladiator on Jan 12, 2023.
             Demolished by a gnoll
             ... wielding a +1 halberd of electrocution
              (18 damage)
             ... on level 3 of the Dungeon.
             The game lasted 00:08:22 (2399 turns).

IdlyInterested the Trooper (Demonspawn Gladiator)   Turns: 2399, Time: 00:08:22

Health: -16/42     AC: 13    Str: 16    XL:     5   Next: 69%
Magic:  5/5        EV: 11    Int: 10    God:
Gold:   113        SH:  0    Dex: 16    Spells: 4/4 levels left

rFire   . . .      SeeInvis .    u - +1 whip (venom)
rCold   . . .      Faith    .    (no shield)
rNeg    . . .      Spirit   .    m - +1 ring mail
rPois   .          Reflect  .    c - +0 helmet
rElec   .          Harm     .    (no cloak)
rCorr   .          Rampage  .    (no gloves)
Will    .....                    (no boots)
Stlth   +                        (no amulet)
HPRegen 4.27/turn                h - ring "Gycw" {AC+4 Dex+2}
MPRegen 0.09/turn                (no ring)

@: lethally poisoned (-16 -> -16), on berserk cooldown, slowed, very slow
A: hooves 1, yellow scales 1, powered by death 1
a: no special abilities


You were on level 3 of the Dungeon.
You visited 1 branch of the dungeon, and saw 3 of its levels.

You collected 113 gold pieces.

Inventory:

Hand Weapons
 a - a +0 war axe
 f - a +2 dagger of venom
 n - a +0 battleaxe
 u - a +1 whip of venom (weapon)
Missiles
 d - 3 throwing nets
 e - 5 javelins
 q - 14 stones (quivered)
Armour
 b - a +0 leather armour
 c - a +0 helmet (worn)
 m - a +1 ring mail (worn)
Magical Staves
 g - a staff of poison
Jewellery
 h - the ring "Gycw" (left hand) {AC+4 Dex+2}
   (You acquired it on level 3 of the Dungeon)

   [ring of protection]

   AC:        It affects your AC (+4).
   Dex:       It affects your dexterity (+2).
Scrolls
 j - a scroll of enchant armour
 o - a scroll of teleportation
 p - 2 scrolls of magic mapping
Potions
 i - a potion of brilliance
 l - a potion of heal wounds {unknown}
 r - 2 potions of flight {unknown}
 s - a potion of cancellation {unknown}
 t - a potion of might {unknown}


   Skills:
 - Level 4.0 Fighting
 * Level 3.4 Axes
 - Level 2.0 Throwing
 * Level 2.0 Armour
 - Level 2.6 Dodging
 - Level 1.0 Stealth
 - Level 2.0 Evocations


You had 4 spell levels left.
You didn't know any spells.
Your spell library contained the following spells:

 Spells                   Type           Power      Damage    Failure   Level
 Gell's Gravitas          Tloc           0%         N/A       91%         3
 Teleport Other           Tloc           0%         N/A       91%         3
 Dispersal                Tloc           0%         N/A       100%        6


Dungeon Overview and Level Annotations

Branches:
Dungeon (3/15)

Altars:
Ashenzari
Kikubaaqudgha
Makhleb

Shops:
D:1 [

Annotations:
D:3 1 transporter, IdlyInterested's ghost, amateur DsGl


Innate Abilities, Weirdness & Mutations

You have large cloven feet.
You are partially covered in yellow scales. (AC +2)
You regenerate a little health from kills.


Message History

You feel sick. The gnoll hits you but does no damage.
IdlyInterested's ghost hits you but does no damage.
The gnoll hits you but does no damage.
You barely miss the gnoll. Your kick misses the gnoll.
You feel sick.
The gnoll hits you from afar with a +1 halberd of electrocution.
You whack the gnoll!
The gnoll looks as sick as possible!
You kick the gnoll.
You kill the gnoll!
You feel sick. IdlyInterested's ghost hits you!
You whack the gnoll!
The gnoll is poisoned.
You kick the gnoll.
You kill the gnoll!
You feel sick.
The gnoll hits you from afar with a +1 halberd of electrocution.
IdlyInterested's ghost hits you but does no damage.
The gnoll completely misses you.
Training target 2.0 for Throwing reached!
Your Throwing skill increases to level 2!
You barely miss the gnoll. You kick the gnoll!
The gnoll is severely wounded.
You feel sick. The gnoll hits you but does no damage.
You are electrocuted!
* * * LOW HITPOINT WARNING * * *
The gnoll closely misses you.
You whack the gnoll!
You kill the gnoll!
You feel sick.
IdlyInterested's ghost hits you but does no damage.
The gnoll barely misses you.
You feel sick.
The gnoll hits you with a +1 halberd of electrocution!
* * * LOW HITPOINT WARNING * * *
The gnoll closely misses you.
Items here: ))) / †.
You closely miss the gnoll. You kick the gnoll!
The gnoll is almost dead.
You are no longer berserk.
You are exhausted.
You feel yourself slow down.
You feel sick.
The gnoll hits you with a +1 halberd of electrocution!
* * * LOW HITPOINT WARNING * * *
You are electrocuted!!
You die...

#..≈≈####.....####≈≈........
#..≈≈#..#8###8#..#≈≈....##..
#..≈≈#8.###.###.8#≈≈....##..
#..≈≈#...........#≈≈....##..
#..≈≈###.##'##.###≈≈....##..
#..≈≈..#.#...#.#..≈≈....##..
#..≈≈.##.'...'.##.≈≈....##..
#..≈≈.#..#.gg#..#.≈≈.#####..
#..≈≈.##.##@##.##.≈≈.# #..
#......#.#.W.#.#..≈≈.# ###..
#.....©#.).©.'.#©.~~.# #....
#.)÷...#.#8)8#.#..≈≈.# #....
#..≈≈.##.#####.##.≈≈.###....
#..≈≈.#.g#,,,#.©#.≈≈........
##.≈≈.##.#.,,#.##.≈≈.##.....
#.≈≈..#.#..,#.#..≈≈.##.....
#.≈≈###.##+*#.###≈≈.##.....


You could see IdlyInterested's ghost and 2 gnolls.

Vanquished Creatures
  A gnoll bouda (D:3)
  An iguana (D:2)
  Jessica (D:2)
  3 adders (D:3)
  4 gnolls (D:3)
  3 dart slugs
  8 ball pythons
  8 bats
  9 endoplasms
  7 giant cockroaches
  7 goblins
  4 hobgoblins (D:1)
  4 jackals (D:2)
  2 quokkas
  2 frilled lizards (D:2)
  3 kobolds
  3 rats
70 creatures vanquished.

Vanquished Creatures (others)
  6 plants (D:3)
6 creatures vanquished.

Grand Total: 76 creatures vanquished

Notes
Turn   | Place    | Note
-------+----------+-------------------------------------------
     0 | D:1      | IdlyInterested the Demonspawn Gladiator began the quest for
                  | the Orb.
     0 | D:1      | Reached XP level 1. HP: 16/16 MP: 1/1
   120 | D:1      | Found Wyosuimo's Armour Emporium.
   225 | D:1      | Reached skill level 1 in Armour
   225 | D:1      | Gained mutation: You are partially covered in yellow
                  | scales. (AC +2) [demonic ancestry]
   225 | D:1      | Reached XP level 2. HP: 19/23 MP: 2/2
   379 | D:1      | Reached skill level 1 in Stealth
   408 | D:1      | Gained mutation: You have large cloven feet. [demonic
                  | ancestry]
   408 | D:1      | Reached XP level 3. HP: 28/28 MP: 3/3
   659 | D:2      | Found a broken altar of Ashenzari.
   724 | D:2      | Reached skill level 3 in Fighting
   820 | D:2      | Reached skill level 1 in Evocations
   920 | D:2      | Reached XP level 4. HP: 35/35 MP: 4/4
  1202 | D:2      | Noticed Jessica
  1208 | D:2      | Killed Jessica
  1558 | D:3      | Identified a scroll of acquirement
  1558 | D:3      | Acquired the ring "Gycw" {AC+4 Dex+2}
  1735 | D:3      | Found a burning altar of Makhleb.
  1737 | D:3      | Noticed a blizzard demon
  1741 | D:3      | Noticed a hellwing
  1741 | D:3      | Noticed a smoke demon
  1802 | D:3      | Found a transporter.
  1828 | D:3      | Gained mutation: You regenerate a little health from kills.
                  | [demonic ancestry]
  1828 | D:3      | Reached XP level 5. HP: 42/42 MP: 5/5
  1933 | D:3      | Found an ancient bone altar of Kikubaaqudgha.
  2000 | D:3      | Noticed IdlyInterested's ghost (amateur DsGl)
  2026 | D:3      | Found a transporter.
  2027 | D:3      | Identified the amulet of Lauwe {Reflect Harm SH+5}
  2392 | D:3      | Reached skill level 4 in Fighting
  2399 | D:3      | HP: 2/42 [gnoll/+1 halberd of electrocution (7)]
  2399 | D:3      | Demolished by a gnoll

Illustrated notes

Levels and vault maps discovered:
D:1:      tekkud_arrival_beachfront_property, layout_basic, serial_shops, shop
D:2:      layout_basic, basic_altar, hex_tiny, uniq_jessica
D:3:      layout_basic, lemuel_round_altar, makhleb_altar_promises_db,
          gammafunk_ghost_gnarly_gnolls, amcnicky_mini_pool_small

Skill      XL: |  1  2  3  4  5 |
---------------+----------------+-----
Armour         | 1 2 |  2.0
Stealth        | 1 |  1.0
Fighting       | 3 4 |  4.0
Axes           | 3 |  3.4
Evocations     | 1 2 |  2.0
Throwing       | 2 |  2.0
Dodging        | |  2.6

Action                   |  1- 3 |  4- 6 || total
-------------------------+-------+-------++-------
Melee: Dagger            |    89 |    72 ||   161
       War axe           |     1 |       ||     1
       Punch             |     1 |       ||     1
       Kick              |     7 |    30 ||    37
       Whip              |       |    12 ||    12
  Use: Scroll            |     3 |     6 ||     9
       Potion            |       |     1 ||     1
 Stab: Sleeping          |       |     2 ||     2
Armor: Leather armour    |    26 |       ||    26
       Ring mail         |    14 |    43 ||    57
Dodge: Dodged            |    67 |    41 ||   108

Table legend: (Time is in decaauts)
 A = Elapsed time spent in this place.
 B = Non-inter-level travel time spent in this place.
 C = Inter-level travel time spent in this place.
 D = Time resting spent in this place.
 E = Time spent auto-exploring this place.
 F = Levels seen in this place.
 G = Mean time per level.
                   A        B        C        D        E       F      G
               +--------+--------+--------+--------+--------+-----+--------+
         Total |   2394 |   2109 |    285 |    127 |   1297 |   3 |  798.0 |
       Dungeon |   2394 |   2109 |    285 |    127 |   1297 |   3 |  798.0 |
               +--------+--------+--------+--------+--------+-----+--------+

Top non-repeatable levels by time:
     D:3: 885 daAuts
     D:2: 877 daAuts
     D:1: 630 daAuts
